 Dungeon Crawl Stone Soup version 0.24-a0-474-g47c397e050 (webtiles) character file.

Game seed: 12917632715974247615

25832 Inquire the Cleaver (level 12, -4/99 HPs)
             Began as a Mummy Artificer on July 5, 2019.
             Was an Initiate of Gozag.
             Slain by a death yak (11 damage)
             ... on level 4 of the Lair of Beasts.
             The game lasted 00:56:45 (25883 turns).

Inquire the Cleaver (Mummy Artificer)              Turns: 25883, Time: 00:56:46

Health: -4/99      AC: 15    Str: 17    XL:     12   Next: 93%
Magic:  38/38      EV: 12    Int: 12    God:    Gozag
Gold:   537        SH:  9    Dex: 14    Spells: 8/22 levels left

rFire    + . .     SeeInvis .   u - +9 short sword of Action {venom, rPois MP+9}
rCold    + + +     Gourm    .   D - +2 buckler {rC+ rF+}
rNeg     + + +     Faith    .   G - +2 leather armour {MR+}
rPois    ∞         Spirit   .   d - +0 helmet
rElec    .         Reflect  +   q - +2 cloak
rCorr    +         Harm     .   C - +0 pair of gloves
MR       ++++.                  p - +2 pair of boots
Stlth    +.........             w - +2 amulet of reflection
HPRegen  0.26/turn              j - ring of protection from magic
MPRegen  0.26/turn              l - ring "Hepsy" {rF+ rC+ MR+ rCorr MP+9}

@: about to teleport, studying Charms
A: no food or potions, fire vulnerability, cold resistance 1, negative energy
resistance 3, torment resistance, unbreathing
a: Potion Petition, Call Merchant, Bribe Branch, Renounce Religion


You were on level 4 of the Lair of Beasts.
You worshipped Gozag.
Gozag was pleased with you.
You were not hungry.

You visited 2 branches of the dungeon, and saw 17 of its levels.
You also visited: Ossuary.

You collected 4629 gold pieces.
You spent 2403 gold pieces at shops.
You paid 1689 gold pieces to Gozag.

Inventory:

Hand Weapons
 o - a +2 broad axe of freezing
 u - the +9 short sword of Action (weapon) {venom, rPois MP+9}
   (You took it off a kobold on level 6 of the Dungeon)

   It poisons the flesh of those it strikes.
   It protects you from poison.
   It affects your magic capacity (+9).
 E - a +4 scimitar of flaming
 F - a +2 dagger of electrocution
Missiles
 g - 3 javelins
 h - 331 stones
 i - 72 poisoned darts
 n - 96 sling bullets
 s - 8 atropa-tipped darts (quivered)
 z - 2 silver javelins
Armour
 d - a +0 helmet (worn)
 p - a +2 pair of boots (worn)
 q - a +2 cloak (worn)
 C - a +0 pair of gloves (worn)
 D - a +2 buckler of resistance (worn)
 G - a +2 leather armour of magic resistance (worn)
Jewellery
 b - an uncursed amulet of harm
 e - an uncursed ring of protection from magic
 j - a ring of protection from magic (left hand)
 l - the ring "Hepsy" (right hand) {rF+ rC+ MR+ rCorr MP+9}
   (You bought it in a shop on level 7 of the Dungeon)

   [ring of resist corrosion]

   It protects you from fire.
   It protects you from cold.
   It affects your resistance to hostile enchantments.
   It affects your magic capacity (+9).
   It provides partial protection from all sources of acid and corrosion.
 w - a +2 amulet of reflection (around neck)
Wands
 c - a wand of flame (7)
 k - a wand of polymorph (19)
 r - a wand of random effects (2)
Scrolls
 f - 7 scrolls of amnesia
 m - 2 scrolls of fog
 t - 6 scrolls of remove curse
 v - 5 scrolls of identify
 x - a scroll of teleportation
Books
 y - a manual of Charms
Miscellaneous
 B - a lightning rod (inert)


   Skills:
 + Level 10.6 Fighting
 - Level 0.8 Short Blades
 * Level 11.0 Axes
 - Level 7.5 Armour
 - Level 2.5 Dodging
 - Level 0.7 Stealth
 - Level 4.0 Shields
 - Level 5.9 Spellcasting
 - Level 3.2 Hexes
 + Level 8.0 Charms
 - Level 1.2 Summonings
 - Level 2.8 Evocations


You had 8 spell levels left.
You knew the following spells:

 Your Spells              Type           Power        Failure   Level  Hunger
a - Summon Small Mammal   Summ           #...         13%         1    N/A
b - Call Imp              Summ           #.......     19%         2    N/A
c - Confuse               Hex            ##......     16%         3    N/A
d - Spectral Weapon       Hex/Chrm       ###.....     6%          3    N/A
e - Summon Guardian Gole  Hex/Summ       #.......     26%         3    N/A
f - Shroud of Golubria    Chrm/Tloc      ##....       6%          2    N/A

Your spell library contained the following spells:

 Spells                   Type           Power        Failure   Level  Hunger
 Infusion                 Chrm           ###.         1%          1    N/A
 Song of Slaying          Chrm           ###.....     1%          2    N/A
 Confusing Touch          Hex            ##....       5%          1    N/A
 Flame Tongue             Conj/Fire      #....        22%         1    N/A
 Sticks to Snakes         Tmut           #.......     32%         2    N/A
 Throw Flame              Conj/Fire      #.....       32%         2    N/A
 Inner Flame              Hex/Fire       #.......     32%         3    N/A
 Call Canine Familiar     Summ           #.......     36%         3    N/A
 Conjure Flame            Conj/Fire      #.......     54%         3    N/A
 Gell's Gravitas          Tloc           #.........   54%         3    N/A
 Summon Ice Beast         Ice/Summ       #.......     85%         4    N/A
 Summon Lightning Spire   Summ/Air       #.......     85%         4    N/A
 Petrify                  Tmut/Erth      #.......     91%         4    N/A
 Sticky Flame             Conj/Fire      #.......     91%         4    N/A
 Metabolic Englaciation   Hex/Ice        #.........   96%         5    N/A
 Yara's Violent Unravell  Hex/Tmut       #.........   96%         5    N/A
 Fireball                 Conj/Fire      #.........   99%         5    N/A
 Bolt of Cold             Conj/Ice       #.........   100%        6    N/A
 Freezing Cloud           Conj/Ice/Air   #.........   100%        6    N/A
 Ozocubu's Refrigeration  Ice            #.........   100%        6    N/A
 Simulacrum               Ice/Necr       #.........   100%        6    N/A
 Regeneration             Chrm/Necr      Unusable     N/A         3    N/A
 Beastly Appendage        Tmut           Unusable     N/A         1    N/A
 Spider Form              Tmut/Pois      Unusable     N/A         3    N/A
 Ice Form                 Ice/Tmut       Unusable     N/A         4    N/A
 Blade Hands              Tmut           Unusable     N/A         5    N/A

Dungeon Overview and Level Annotations

Branches:
Dungeon (12/15)            Temple (0/1) D:4            Lair (5/6) D:8
  Swamp (0/4) Lair:3       Spider (0/4) Lair:4
  Slime: Lair:5-6       Orc: D:9-12

Altars:
Cheibriados
Gozag
Hepliaklqana
Kikubaaqudgha
Qazlal
Sif Muna
Trog
Vehumet
Wu Jian
Yredelemnul

Shops:
D:7 =   D:11 [

Annotations:
D:7 Blessed by rng
D:12 Rupert
Lair:1 exclusion: 2 oklob plants
Lair:3 2 transporters, Elric's ghost, journeyman MfTm


Innate Abilities, Weirdness & Mutations

You do not eat or drink.
Your flesh is vulnerable to fire.
You are immune to poison.
Your flesh is cold resistant. (rC+)
You are immune to negative energy. (rN+++)
You are immune to unholy pain and torment.
You can survive without breathing.


Message History

The death yak gores you!
Unknown command.
You puncture the hippogriff!
The hippogriff is moderately wounded.
The death yak gores you! You block the death yak's attack.
The hippogriff misses you. The hippogriff pecks you.
The hippogriff closely misses you. The death yak gores you.
Unknown command.
You hit the hippogriff.
The hippogriff looks as sick as possible!
The hippogriff is heavily wounded.
The death yak gores you!
* * * LOW HITPOINT WARNING * * *
The death yak closely misses you. The hippogriff bites you!
* * * LOW HITPOINT WARNING * * *
The hippogriff pecks you but does no damage.
You block the hippogriff's attack. The death yak barely misses you.
The death yak gores you!
You die...
Your body crumbles into a pile of gold.

.### #####.## ### #......## #.#
##.# #......## .## #..# ###.####
'##### #.## #..P# .....### ###
#.# #..##### .......###.###'###
###+#..#.# .....#...#.#.#...#
#........# ......##.......Y####
#.........
.....###.+.....Y@H.######.......#
......####..#..#Y#......'.##...##
.....P# #.......##.###.#.^....##
.###.## ####.+.##### ####..#####
.# #.# ##.## #.^..^... .#####
###.# #....[^≈≈ ..### ...#
#.^...#≈≈ ....# #.### #^#...^≈≈
....# ###.#.#### #^..#^..≈


You could see 3 death yaks and a hippogriff.

Vanquished Creatures
  Josephine (D:11)
  2 death yaks (D:8)
  An ugly thing (D:11)
  3 elephants
  3 black mambas
  2 gargoyles
  A spiny frog (Lair:1)
  3 rime drakes
  A troll (D:10)
  8 polar bears
  A bog body (Lair:3)
  6 hippogriffs
  11 blink frogs
  A redback (D:10)
  Sigmund (D:6)
  17 yaks
  A shadow (D:11)
  2 basilisks
  5 wraiths
  A steam dragon (D:9)
  5 wyverns
  12 centaurs
  2 acid dragons
  3 hungry ghosts
  7 water moccasins
  12 porcupines
  4 orc warriors
  3 sky beasts
  An ice beast (D:9)
  7 black bears
  2 phantoms
  4 ogres
  11 worker ants
  5 crocodiles
  A big kobold (D:4)
  14 bullfrogs
  A wyvern zombie (D:9)
  3 elf skeletons (D:7)
  3 water moccasin zombies (Ossuary)
  3 scorpions
  6 killer bees (D:8)
  A wight (D:11)
  2 howler monkeys (D:10)
  8 crimson imps
  Crazy Yiuf (D:7)
  2 bullfrog skeletons
  9 hounds
  3 orc priests
  3 jellies (D:9)
  A quasit (D:6)
  11 orc wizards
  A human skeleton (D:7)
  2 iguanas (D:9)
  4 big kobold zombies (Ossuary)
  A hound skeleton (D:8)
  2 mummies (Ossuary)
  A worker ant zombie (D:7)
  8 gnolls
  13 adders
  2 shadow imps
  6 oozes
  7 adder zombies (Ossuary)
  2 dart slugs
  A worm (D:4)
  8 leopard geckos
  38 orcs
  A ball python (D:1)
  11 bats
  5 giant cockroaches
  6 goblins
  11 hobgoblins
  6 jackals
  7 quokkas
  5 frilled lizards
  5 hobgoblin zombies (Ossuary)
  11 kobolds
  7 kobold zombies (Ossuary)
  2 orc skeletons (D:7)
  4 orc zombies (Ossuary)
  A quokka zombie (D:8)
  7 rats
  A fungus (D:7)
407 creatures vanquished.

Vanquished Creatures (collateral kills)
  A yak (Lair:1)
  A porcupine (Lair:3)
  A sky beast (D:4)
  A crimson imp (D:7)
  A leopard gecko (D:5)
  A hobgoblin (D:1)
  A rat (D:1)
7 creatures vanquished.

Vanquished Creatures (others)
  A centaur (D:5)
  A scorpion (D:5)
  A kobold (D:4)
  A rat (D:1)
  5 fungi
  2 plants
  11 spectral weapons
22 creatures vanquished.

Grand Total: 436 creatures vanquished

Notes
Turn   | Place    | Note
-------+----------+-------------------------------------------
     0 | D:1      | Inquire the Mummy Artificer began the quest for the Orb.
     0 | D:1      | Reached XP level 1. HP: 15/15 MP: 2/2
   323 | D:1      | Reached XP level 2. HP: 22/22 MP: 3/3
   832 | D:1      | Reached XP level 3. HP: 26/29 MP: 4/4
  1369 | D:2      | Reached XP level 4. HP: 26/36 MP: 4/6
  1425 | D:2      | Found an opulent altar of Gozag.
  1426 | D:2      | Found a hazy altar of Hepliaklqana.
  1431 | D:2      | Became a worshipper of Gozag Ym Sagoz the Greedy
  1676 | D:2      | Found a faded altar of an unknown god.
  1812 | D:3      | Found an ornate altar of the Wu Jian Council.
  2297 | D:3      | Found a bloodstained altar of Trog.
  2643 | D:4      | Noticed an ogre
  2666 | D:4      | Reached skill level 1 in Axes
  2666 | D:4      | Reached skill level 1 in Armour
  2666 | D:4      | Reached XP level 5. HP: 15/42 MP: 7/7
  2911 | D:4      | Found a staircase to the Ecumenical Temple.
  3003 | D:5      | Entered Level 5 of the Dungeon
  3003 | D:5      | Noticed a centaur
  3003 | D:5      | Noticed a centaur
  3003 | D:5      | Noticed a sky beast
  3039 | D:5      | Reached skill level 2 in Axes
  3039 | D:5      | Reached XP level 6. HP: 18/48 MP: 8/8
  3297 | D:5      | Learned a level 1 spell: Summon Small Mammal
  3300 | D:5      | Learned a level 2 spell: Call Imp
  3591 | D:4      | Found a deep blue altar of Sif Muna.
  3591 | D:4      | Found a basalt altar of Yredelemnul.
  3591 | D:4      | Found a snail-covered altar of Cheibriados.
  3763 | D:4      | Killed a sky beast
  4048 | D:4      | Reached skill level 3 in Axes
  4048 | D:4      | Reached XP level 7. HP: 35/55 MP: 9/9
  4400 | D:4      | Found an ancient bone altar of Kikubaaqudgha.
  4652 | D:5      | Reached skill level 5 in Fighting
  5448 | D:6      | Noticed Sigmund
  5465 | D:6      | Killed Sigmund
  5465 | D:6      | Reached skill level 4 in Axes
  5465 | D:6      | Reached XP level 8. HP: 62/62 MP: 10/10
  5989 | D:6      | Found a radiant altar of Vehumet.
  5989 | D:6      | Identified the +9 short sword of Action {venom, rPois MP+9}
  6517 | D:6      | Reached skill level 5 in Axes
  6517 | D:6      | Reached skill level 5 in Armour
  6729 | D:7      | Found a stormy altar of Qazlal.
  6805 | D:7      | Reached XP level 9. HP: 56/69 MP: 11/11
  6928 | D:7      | Found a sand-covered staircase.
  7009 | D:7      | Reached skill level 6 in Axes
  7063 | Ossuary  | Entered an ossuary
  8218 | D:8      | Reached skill level 7 in Axes
  8670 | D:8      | Noticed a death yak
  8671 | D:8      | Noticed a death yak
  8672 | D:8      | Reached XP level 10. HP: 59/79 MP: 12/12
  8814 | D:7      | Found a runed translucent door.
  8815 | D:7      | Noticed Crazy Yiuf
  8822 | D:7      | Killed Crazy Yiuf
  9047 | D:8      | Found a staircase to the Lair.
  9952 | D:9      | Learned a level 3 spell: Confuse
 10124 | D:9      | Reached skill level 1 in Hexes
 10129 | D:10     | Entered Level 10 of the Dungeon
 10609 | D:10     | Noticed a gargoyle
 10690 | D:9      | Reached skill level 8 in Axes
 11738 | D:8      | Noticed a death yak
 12011 | D:7      | Bought the ring "Hepsy" {rF+ rC+ MR+ rCorr MP+9} for 1179
                  | gold pieces
 12011 | D:7      | Bought a +2 amulet of reflection for 135 gold pieces
 12022 | D:7      | Learned a level 3 spell: Spectral Weapon
 12705 | D:9      | Reached skill level 1 in Spellcasting
 13022 | D:10     | Killed a gargoyle
 13548 | D:10     | Noticed Erica
 13980 | D:11     | Found a snail-covered altar of Cheibriados.
 14335 | D:11     | Reached XP level 11. HP: 78/87 MP: 16/16
 14454 | D:11     | Noticed Josephine
 14462 | D:12     | Found the +3 giant club "Skullcrusher" {speed, Str+7}
 14587 | Lair:1   | Entered Level 1 of the Lair of Beasts
 14869 | Lair:1   | Noticed an oklob plant
 14922 | Lair:1   | Reached skill level 9 in Axes
 15189 | Lair:1   | Reached skill level 5 in Spellcasting
 15898 | Lair:1   | Learned a level 3 spell: Summon Guardian Golem
 16115 | Lair:1   | Reached skill level 1 in Summonings
 16937 | Lair:1   | Identified 2 scrolls of acquirement
 17231 | Lair:1   | Reached skill level 1 in Charms
 17857 | Lair:1   | Noticed an oklob plant
 18175 | Lair:2   | Learned a level 2 spell: Shroud of Golubria
 18185 | Lair:2   | Reached skill level 10 in Axes
 18497 | Lair:2   | Found a stormy altar of Qazlal.
 19163 | D:8      | Killed a death yak
 19163 | D:8      | Reached XP level 12. HP: 32/96 MP: 20/20
 19683 | D:10     | Noticed Erica
 19683 | D:10     | Erica changed into Erica the redback
 19686 | D:10     | Killed Erica the redback
 19823 | D:11     | Reached skill level 5 in Charms
 20150 | D:12     | Noticed Rupert
 20492 | D:11     | Bought a +2 buckler of resistance for 747 gold pieces
 20561 | D:11     | Killed Josephine
 20561 | D:11     | Reached skill level 1 in Shields
 20901 | Lair:3   | Noticed Elric's ghost (journeyman MfTm)
 20910 | Lair:3   | Found a transporter.
 21223 | Lair:3   | Reached skill level 10 in Fighting
 21308 | Lair:3   | Found a transporter.
 21678 | D:8      | Killed a death yak
 21960 | D:11     | Bought a +2 leather armour of magic resistance for 342 gold
                  | pieces
 23025 | Lair:3   | Found a staircase to the Swamp.
 24614 | Lair:4   | Found a hole to the Spider Nest.
 25365 | Lair:5   | Noticed a death yak
 25367 | Lair:5   | Noticed a death yak
 25368 | Lair:5   | Noticed a death yak
 25376 | Lair:5   | Noticed a death yak
 25540 | D:10     | Reached skill level 11 in Axes
 25605 | D:12     | Identified the +2 ring mail of the Ward {rF+ rN+}
 25876 | Lair:5   | Noticed a death yak
 25883 | Lair:4   | Slain by a death yak

Levels and vault maps discovered:
D:1:      dpeg_arrival_court, layout_rooms, serial_bayou_crossing
D:2:      layout_basic, gammafunk_temple_overflow_statue,
          chequers_ecumenical_altar_grove
D:3:      layout_loops_ring, lemuel_doored_altar, first_ration,
          trog_butcher_becter
D:4:      layout_rooms, kiku_gazebo_pond_becter,
          gammafunk_temple_overflow_forgotten, temple_hall,
          lexackson_kobold_supper
D:5:      layout_cave_pools, sigmund_army
D:6:      layout_basic, vehumet_altar_wand_db, minmay_misc_feat_alley,
          uniq_sigmund
D:7:      layout_loops_ring, nicolae_ossuary_entry_catacombs,
          nicolae_qazlal_general_emergency, uniq_crazy_yiuf_cottage
D:8:      layout_loops_ring, dpeg_lair_monsters, minmay_misc_feat_tower,
          grunt_decor_arrowhead
D:9:      layout_irregular_city, hangedman_little_slice_of_home
D:10:     layout_long_grid, uniq_erica
D:11:     layout_gridville, minivault_27, cheibriados_altar_1, uniq_josephine
D:12:     layout_cave_pools, david_orc_2, serial_undead, serial_undead_f,
          serial_undead_a, serial_undead_f, serial_undead_a, serial_undead_f,
          serial_undead_e, gauntlet_entry_generic, disabler_island, uniq_rupert,
          uniq_maurice
Lair:1:   layout_long_grid, gammafunk_lair_bear_cave, minmay_lair_oklob_chamber,
          grunt_megastairs_5, infiniplex_staircase_pool
Lair:2:   beast_lair_carwin_large_3, layout_big_grid, basic_altar
Lair:3:   layout_chaotic_city, skrybe_swamp_entry_bodies, gammafunk_ghost_arena,
          serial_bayou_pond_d, chequers_serial_rivers_micro_c
Lair:4:   layout_roguey, nicolae_spider_entry_orb_guardian
Lair:5:   layout_gridlike, serial_bayou_shore_a, grunt_megastairs_1

Skill      XL: |  1  2  3  4  5  6  7  8  9 10 11 12 |
---------------+-------------------------------------+-----
Fighting       | 2 3 4 5 6 7 8 9 10 | 10.6
Axes           | 1 2 3 4 5 7 8 10 11 | 11.0
Armour         | 1 2 4 5 7 |  7.5
Hexes          | 3 |  3.2
Spellcasting   | 3 5 |  5.9
Summonings     | 1 |  1.2
Dodging        | 2 |  2.5
Charms         | 4 8 |  8.0
Shields        | 4 |  4.0
Short Blades   | |  0.8
Stealth        | |  0.7
Evocations     | |  2.8

Action                   |  1- 3 |  4- 6 |  7- 9 | 10-12 || total
-------------------------+-------+-------+-------+-------++-------
Melee: Short sword       |   131 |    57 |   315 |   812 ||  1315
       Broad axe         |       |   124 |   102 |       ||   226
Throw: Stone             |     2 |       |    12 |     1 ||    15
       Dart              |       |    10 |    42 |    27 ||    79
       Javelin           |       |       |    11 |     5 ||    16
       Throwing net      |       |       |     3 |     5 ||     8
 Cast: Spectral Weapon   |       |       |       |    53 ||    53
       Confuse           |       |       |       |    17 ||    17
       Summon Guardian G |       |       |       |     3 ||     3
       Call Imp          |       |       |       |     1 ||     1
       Shroud of Golubri |       |       |       |     3 ||     3
Invok: Potion Petition   |       |       |       |     3 ||     3
       Call Merchant     |       |       |       |     2 ||     2
Evoke: Wand              |    10 |    20 |    34 |    46 ||   110
       Lightning rod     |       |       |       |     7 ||     7
  Use: Scroll            |     6 |     5 |     5 |    20 ||    36
 Stab: Sleeping          |       |     3 |     3 |     2 ||     8
       Paralysed         |       |       |     4 |       ||     4
       Confused          |       |       |     1 |     5 ||     6
       Distracted        |       |       |     3 |     4 ||     7
       Held in net/web   |       |       |       |     1 ||     1
       Invisible         |       |       |       |     2 ||     2
Armor: Leather armour    |    40 |    73 |   132 |   313 ||   558
Dodge: Dodged            |   100 |   181 |   258 |   532 ||  1071
Block: Other             |       |       |       |    20 ||    20
       Buckler           |       |       |       |   106 ||   106
       Reflection        |       |       |       |     4 ||     4

Table legend:
 A = Non-vault XP
 B = Vault XP
 C = Vault XP percentage of total XP
 D = Non-vault monster count
 E = Vault monster count
 F = Vault count percentage of total count
                 A         B        C        D         E       F
            +---------+---------+-------+---------+---------+-------
      Total |   26527 |   10376 |  28.1 |     319 |      95 |  22.9
            +---------+---------+-------+---------+---------+-------
        D:1 |      43 |       0 |   0.0 |      27 |       0 |   0.0
        D:2 |      75 |       0 |   0.0 |      20 |       0 |   0.0
        D:3 |      37 |       8 |  17.8 |      15 |       4 |  21.1
        D:4 |     583 |     103 |  15.0 |      18 |       4 |  18.2
        D:5 |     343 |      12 |   3.4 |      12 |       6 |  33.3
        D:6 |     747 |     224 |  23.1 |      16 |       2 |  11.1
        D:7 |    1516 |     725 |  32.4 |      29 |       9 |  23.7
        D:8 |    1652 |    2015 |  54.9 |      31 |       3 |   8.8
        D:9 |    2269 |     162 |   6.7 |      22 |       8 |  26.7
       D:10 |    2269 |     229 |   9.2 |      33 |       1 |   2.9
       D:11 |    2446 |    1959 |  44.5 |      23 |       6 |  20.7
       D:12 |     160 |       0 |   0.0 |       4 |       0 |   0.0
     Lair:1 |    4756 |    1915 |  28.7 |      24 |       8 |  25.0
     Lair:2 |    2266 |    1814 |  44.5 |      11 |       9 |  45.0
     Lair:3 |    3880 |     262 |   6.3 |      19 |       1 |   5.0
     Lair:4 |    2352 |       0 |   0.0 |      11 |       0 |   0.0
     Lair:5 |    1133 |     522 |  31.5 |       4 |       2 |  33.3
    Ossuary |       0 |     426 | 100.0 |       0 |      32 | 100.0
            +---------+---------+-------+---------+---------+-------
